 Dungeon Crawl Stone Soup version 0.31-a0-986-g5e6e4ef867 (webtiles) character file.

Game seed: 12788522007558200619

2056004 Midpoint the Sorcerer (level 26, 207/221 HPs)
             Began as a Mummy Earth Elementalist on Sept 28, 2023.
             Was an Initiate of Gozag.
             Escaped with the Orb
             ... and 4 runes on Nov 10, 2023!
             The game lasted 15:43:22 (85188 turns).

Midpoint the Sorcerer (Mummy Earth Elementalist)   Turns: 85188, Time: 15:43:22

Health: 207/221    AC: 27    Str: 13    XL:     26   Next: 49%
Magic:  61/61      EV: 18    Int: 31    God:    Gozag
Gold:   1252       SH: 11    Dex: 13    Spells: 1/75 levels left

rFire   + . .        k - staff of Fena {rElec rC- Int+4 SInv Earth}
rCold   + . .        f - +3 buckler "Heraxofaem" {Slay+6}
rNeg    + + +        e - +5 ring mail {rF+}
rPois   ∞            r - +2 helmet {Int+3}
rElec   +            x - +2 cloak {Stlth+}
rCorr   .            U - +3 pair of gauntlets of War {Slay+5}
SInv    +            P - +1 pair of boots {Fly}
Will    +++++        L - amulet of the Four Winds {rN+ Will+++ Clar}
Stlth   +            C - ring of Optimism {Wiz rC+ MP+9}
HPRegen 0.56/turn    R - ring of the Octopus King {rF+ HP+2 AC+2 EV+2 SH+2}
MPRegen 0.37/turn

%: clarity, faith, wizardry (x1)
@: flying, studying Necromancy, bribing [the Dungeon]
A: cold resistance 1, negative energy resistance 3, torment resistance 2, heat
vulnerability 1, in touch with death 2, no potions, faith
0: Orb of Zot
}: 4/15 runes: serpentine, barnacled, slimy, silver
a: Renounce Religion, Potion Petition, Call Merchant, Bribe Branch


You escaped.
You worshipped Gozag.
Gozag was most pleased with you.
You visited 13 branches of the dungeon, and saw 57 of its levels.
You also visited: Gauntlet.

You collected 34064 gold pieces.
You spent 10705 gold pieces at shops.
You paid 22107 gold pieces to Gozag.

Inventory:

Hand Weapons
 b - a +9 demon trident of electrocution
 F - a +3 demon trident of pain
Missiles
 d - 58 boomerangs
 j - 17 javelins
 o - 6 atropa-tipped darts
 s - 17 throwing nets
 V - 22 silver javelins
Armour
 e - a +5 ring mail of fire resistance (worn)
 f - the +3 buckler "Heraxofaem" (worn) {Slay+6}
   (You found it on level 5 of the Pits of Slime)

   Slay+6:    It affects your accuracy & damage with ranged weapons and melee
   (+6).
 r - a +2 helmet of intelligence (worn)
 x - a +2 cloak of stealth (worn)
 A - a +1 kite shield of protection
 K - the +0 pair of boots "Wokkimol" {Will+++ Str-2 SInv Stlth+}
   (You found it on level 2 of the Vaults)

   Str-2:     It affects your strength (-2).
   Will+++:   It greatly increases your willpower.
   SInv:      It lets you see invisible.
   Stlth+:    It makes you more stealthy.
 P - a +1 pair of boots of flying (worn)
 U - the +3 pair of gauntlets of War (worn) {Slay+5}
   (You acquired it on level 3 of the Crypt)

   Slay+5:    It affects your accuracy & damage with ranged weapons and melee
   (+5).
Magical Staves
 a - the staff "Podieler" {rC+ Str+4 Conj}
   (You found it on level 5 of the Lair of Beasts)

   [staff of conjuration]

   Base accuracy: +5 Base damage: 5 Base attack delay: 1.2 This weapon's minimum
   attack delay (0.6) is reached at skill level 12.
   Str+4:     It affects your strength (+4).
   rC+:       It protects you from cold.
   Conj:      It increases the power of your Conjurations spells.
   It falls into the 'Staves' category.
   It is a one-handed weapon.
 k - the staff of Fena (weapon) {rElec rC- Int+4 SInv Earth}
   (You found it on level 5 of the Pits of Slime)

   [staff of earth]

   Base accuracy: +5 Base damage: 5 Base attack delay: 1.2 This weapon's minimum
   attack delay (0.6) is reached at skill level 12.
   Int+4:     It affects your intelligence (+4).
   rC-:       It makes you vulnerable to cold.
   rElec:     It insulates you from electricity.
   SInv:      It lets you see invisible.
   Earth:     It increases the power of your Earth spells.
   It falls into the 'Staves' category.
   It is a one-handed weapon.
Jewellery
 h - the ring "Urru" {rElec AC+4}
   (You found it on level 1 of the Realm of Zot)

   [ring of protection]

   AC+4:      It affects your AC (+4).
   rElec:     It insulates you from electricity.
 q - the amulet of Finality {*Slow rF+++ Regen+ Dex-3 SInv}
   (You took it off a deep elf annihilator on level 3 of the Elven Halls)

   [amulet of regeneration]

   Dex-3:     It affects your dexterity (-3).
   rF+++:     It renders you almost immune to fire.
   SInv:      It lets you see invisible.
   Regen+:    It increases your rate of health regeneration.
   *Slow:     It may slow you when you take damage.
 z - the ring of the Kodama {rPois rCorr Str+2 SInv}
   (You took it off a deep elf annihilator on level 3 of the Elven Halls)

   [ring of resist corrosion]

   Str+2:     It affects your strength (+2).
   rPois:     It protects you from poison SInv: It lets you see invisible.
   rCorr:     It protects you from acid and corrosion.
 C - the ring of Optimism (left hand) {Wiz rC+ MP+9}
   (You took it off a naga ritualist on level 1 of the Snake Pit)

   [ring of wizardry]

   Wiz:       It improves your spell success rate.
   rC+:       It protects you from cold.
   MP+9:      It affects your magic capacity (+9).
 E - the ring "Tour Jukh" {Fly Dex+3 SInv}
   (You bought it in a shop on level 1 of the Orcish Mines)

   [ring of flight]

   Dex+3:     It affects your dexterity (+3).
   SInv:      It lets you see invisible.
   Fly:       It grants you flight.
 L - the amulet of the Four Winds (around neck) {rN+ Will+++ Clar}
   (You bought it in a shop on level 3 of the Snake Pit)

   [amulet of nothing]

   rN+:       It protects you from negative energy.
   Will+++:   It greatly increases your willpower.
   Clar:      It protects you from confusion, rage, mesmerisation and fear.
 R - a ring of the Octopus King (right hand) {rF+ HP+2 AC+2 EV+2 SH+2}
   (You took it off a yaktaur on level 5 of the Vaults)

   [ring of protection from fire]

   AC+2:      It affects your AC (+2).
   EV+2:      It affects your evasion (+2).
   rF+:       It protects you from fire.
   HP+2:      It affects your health (+2).
   SH+2:      It affects your SH (+2).
 S - the ring "Qeoce" {Will++ Str+6 Slay+3}
   (You bought it in a shop on level 1 of the Orcish Mines)

   [ring of strength]

   Str+6:     It affects your strength (+6).
   Slay+3:    It affects your accuracy & damage with ranged weapons and melee
   (+3).
   Will++:    It greatly increases your willpower.
 Z - a +5 ring of evasion
Wands
 l - a wand of flame (129)
 t - a wand of quicksilver (28)
 B - a wand of charming (43)
 D - a wand of digging (14)
 M - a wand of mindburst (29)
 T - a wand of polymorph (50)
 W - a wand of roots (51)
Scrolls
 c - 2 scrolls of brand weapon
 i - 9 scrolls of poison
 p - 9 scrolls of teleportation
 w - a scroll of blinking
 y - a scroll of acquirement
 G - 10 scrolls of vulnerability
 H - 9 scrolls of immolation
 I - 7 scrolls of amnesia
 J - 3 scrolls of summoning
 N - 8 scrolls of revelation
 O - 8 scrolls of silence
 Q - 4 scrolls of enchant armour
 X - 10 scrolls of noise
 Y - 5 scrolls of fog
Miscellaneous
 g - a phial of floods
 m - a box of beasts
 n - a phantom mirror
 u - a lightning rod (4/4)
 v - a condenser vane


   Skills:
 + Level 20.5 Fighting
 - Level 14.0 Polearms
 - Level 9.4 Armour
 + Level 14.6 Dodging
 - Level 4.0 Stealth
 - Level 10.0 Shields
 + Level 25.3 Spellcasting
 - Level 14.0 Conjurations
 - Level 11.0 Summonings
 * Level 15.8 Necromancy
 - Level 2.0 Transmutations
 - Level 3.0 Fire Magic
 - Level 3.0 Air Magic
 - Level 13.4 Earth Magic
 - Level 5.0 Poison Magic
 - Level 11.1 Evocations


You had one spell level left.
You knew the following spells:

 Your Spells              Type           Power      Damage    Failure   Level
a - Borgnjor's Vile Clut  Necr/Erth      82%        N/A       1%          5
b - Passwall              Tmut/Erth      76%        N/A       1%          2
c - Haunt                 Necr/Summ      67%        N/A       2%          7
d - Magic Dart            Conj           100%       1d8       0%          1
e - Anguish               Hex/Necr       57%        N/A       1%          4
f - Infestation           Necr           71%        N/A       6%          8
g - Ignite Poison         Fire/Tmut/Pois 56%        N/A       1%          3
h - Blink                 Tloc           78%        N/A       1%          2
i - Swiftness             Air            55%        N/A       1%          3
j - Freezing Cloud        Conj/Ice/Air   32%        6-21      1%          5
k - Dispel Undead         Necr           100%       3d31      0%          4
l - Bombard               Conj/Erth      56%        9d9       1%          6
m - Iskenderun's Battles  Conj           90%        2d14      1%          5
n - Spellforged Servitor  Conj/Summ      43%        N/A       3%          7
o - Summon Forest         Summ/Tloc      32%        N/A       1%          5
p - Apportation           Tloc           78%        N/A       1%          1
q - Death Channel         Necr           71%        N/A       1%          6

Your spell library contained the following spells:

 Spells                   Type           Power      Damage    Failure   Level
 Kiss of Death            Conj/Necr      100%       2d13      0%          1
 Necrotise                Necr           100%       1d9       0%          1
 Sandblast                Erth           100%       2d20      0%          1
 Summon Small Mammal      Summ           100%       N/A       0%          1
 Freeze                   Ice            100%       1d10      1%          1
 Slow                     Hex            100%       N/A       1%          1
 Stone Arrow              Conj/Erth      100%       3d13      0%          3
 Call Imp                 Summ           100%       N/A       1%          2
 Cigotuvi's Dreadful Rot  Necr/Pois/Air  100%       N/A       1%          2
 Ensorcelled Hibernation  Hex/Ice        78%        N/A       1%          2
 Lesser Beckoning         Tloc           78%        N/A       1%          2
 Momentum Strike          Conj/Tloc      100%       3d10      1%          2
 Scorch                   Fire           100%       2d9       1%          2
 Confusing Touch          Hex            39%        N/A       1%          3
 Frozen Ramparts          Ice            78%        1d12      1%          3
 Gell's Gravitas          Tloc           39%        N/A       1%          3
 Hailstorm                Conj/Ice       70%        3d15      1%          3
 Inner Flame              Hex/Fire       48%        N/A       1%          3
 Mephitic Cloud           Conj/Pois/Air  71%        N/A       1%          3
 Ozocubu's Armour         Ice            39%        N/A       1%          3
 Summon Guardian Golem    Hex/Summ       65%        N/A       1%          3
 Teleport Other           Tloc           39%        N/A       1%          3
 Animate Armour           Summ/Erth      100%       N/A       1%          4
 Brom's Barrelling Bould  Conj/Erth      100%       2d11      1%          4
 Flame Wave               Conj/Fire      75%        2d17      1%          4
 Leda's Liquefaction      Hex/Erth       44%        N/A       1%          4
 Petrify                  Tmut/Erth      92%        N/A       1%          4
 Sticky Flame             Conj/Fire      75%        2d9       1%          4
 Agony                    Necr           100%       N/A       1%          5
 Fireball                 Conj/Fire      37%        3d15      1%          5
 Lee's Rapid Deconstruct  Erth           55%        3d26*     1%          5
 Summon Mana Viper        Hex/Summ       65%        N/A       1%          5
 Summon Cactus Giant      Summ           41%        N/A       1%          6
 Orb of Destruction       Conj           45%        9d12      1%          7
 Vhi's Electric Charge    Tloc/Air       96%        N/A       3%          4
 Conjure Ball Lightning   Conj/Air       37%        3x3d12    3%          6
 Alistair's Intoxication  Tmut/Pois      38%        N/A       4%          5
 Manifold Assault         Tloc           39%        N/A       6%          4
 Summon Hydra             Summ           41%        N/A       6%          7
 Yara's Violent Unravell  Hex/Tmut       22%        3d10      12%         5
 Metabolic Englaciation   Hex/Ice        19%        N/A       17%         5
 Eringya's Noxious Bog    Tmut/Pois      28%        4d6       22%         6
 Summon Horrible Things   Summ           41%        N/A       41%         8
 Malign Gateway           Summ/Tloc      32%        N/A       45%         7
 Dispersal                Tloc           19%        N/A       65%         6
 Shatter                  Erth           55%        3d42*     91%         9
 Enfeeble                 Hex            19%        N/A       99%         7
 Discord                  Hex            19%        N/A       100%        8
 Disjunction              Tloc           19%        N/A       100%        8
 Ignition                 Fire           27%        3d9       100%        8
 Chain Lightning          Conj/Air       37%        3d50      100%        9
 Fire Storm               Conj/Fire      37%        8d10      100%        9
 Sublimation of Blood     Necr           Unusable   N/A       N/A         2
 Animate Dead             Necr           Unusable   N/A       N/A         4
 Wereblood                Tmut           Unusable   N/A       N/A         2
 Simulacrum               Ice/Necr       Unusable   N/A       N/A         6
 Borgnjor's Revivificati  Necr           Unusable   N/A       N/A         8
 Death's Door             Necr           Unusable   N/A       N/A         9

Dungeon Overview and Level Annotations

Branches:
Dungeon (15/15)            Temple (1/1) D:5            Lair (5/5) D:9
 Shoals (4/4) Lair:3        Snake (4/4) Lair:3        Slime (5/5) Lair:4
    Orc (2/2) D:9             Elf (3/3) Orc:2        Vaults (5/5) D:13
  Crypt (3/3) Vaults:2       Tomb (1/3) Crypt:3      Depths (4/4) D:15
    Zot (5/5) Depths:4    Gauntlet (visited)

Altars:
Ashenzari
Cheibriados
Dithmenos
Fedhas
Gozag
Hepliaklqana
Kikubaaqudgha
Makhleb
Nemelex Xobeh
Okawaru
Qazlal
Ru
Sif Muna
Trog
Uskayaw
Vehumet
Wu Jian
Xom
Yredelemnul
Jiyva

Shops:
D:1 :   D:5 :([(   D:8 [   D:9 [(   D:10 [   Orc:1 *=[(   Orc:2 ([*=   Elf:1 :?
Elf:2 (   Lair:1 **   Shoals:3 !   Snake:3 =::   Vaults:1 (   Vaults:4 [
Depths:1 [[[[   Depths:2 :[(*[

Portals:
Hell: Depths:1 Depths:2 Depths:3 Depths:4
Abyss: Depths:3
Pandemonium: Depths:2 Depths:4
Ziggurat: Depths:1
Trove: Elf:1 (give 6 scrolls of fear)

Annotations:
Snake:1 1 exclusion
Snake:3 1 transporter
Elf:2 3 runed translucent doors, exclusion: 3 doors
Vaults:2 1 exclusion
Vaults:3 1 exclusion
Depths:3 3 transporters
Zot:3 1 runed translucent door, Giurur's ghost, veteran OgBe


Innate Abilities, Weirdness & Mutations

You are immune to poison.
Your flesh is cold resistant. (rC+)
You are immune to negative energy. (rN+++)
You are immune to unholy pain and torment.
You are vulnerable to heat. (rF-)
You are strongly in touch with the powers of death.
You do not drink.
You have a special connection with the divine. (Faith)


Message History

The hellion gives a hideous shriek!
Casting: Apportation (safe; 1% risk of failure)
Confirm with . or Enter, or press ? or * to list all spells.
Casting: Anguish (safe; 1% risk of failure)
Press: ? - help, Dir - look around, f - activate You feel a strong surge of power!
The hellion is haunted by guilt!
Unknown command.
The hellion gestures at you.
The sphere of damnation explodes!
The damnation engulfs you!!
The damnation engulfs your Orb Guardian!!
The hellion is wracked by anguish!!!
The hellion dies!
You swap places.
Casting: Anguish (safe; 1% risk of failure)
Confirm with . or Enter, or press ? or * to list all spells.
Aiming: Apportation (safe; 1% risk of failure)
Press: ? - help, Dir - move target Apport: 9 gold pieces Yoink!
You pull the items towards yourself.
You now have 1252 gold pieces (gained 9).
You swap places.
Aiming: Fastroot
Press: ? - help, Shift-Dir - straight line You can't see that place.
Okay, then.
Aiming: Dig
Press: ? - help, Shift-Dir - straight line You can't see that place. [the floor.]
The rock shatters into small pieces.
The Orb Guardian stares, then turns away, jangling a coin purse.
An Orb Guardian comes into view.
The Orb Guardian moves out of view.
Aiming: Dig
Press: ? - help, Shift-Dir - straight line You can't see that place. [the floor.]
The rock shatters into small pieces.
There is a staircase leading out of the dungeon here.
You have escaped!

####.#######.... #.#
#....# #.## #..#.# ##.#
#..#.# ########..# #..#.#
#......#..#####..#.#
#.####........)..#.#
#.#.X..#.##.###..#.#
#.'@.+.#.[..........
#.#..#.####.######.#
####+####.# #.# #..
#..'......# #.# #..
#.##+###### #.# #.. #....#
#.# #.. #.#### #.# #..
###########.############.#
#..
............†............#
#..


You could see a friendly Orb Guardian.

Vanquished Creatures
  the Royal Jelly (Slime:5)
  An orb of fire (Zot:3)
  An ancient lich (Crypt:3)
  2 dread liches
  A royal mummy (Tomb:1)
  3 curse toes
  Nikola (Shoals:1)
  Jory (Vaults:2)
  5 golden dragons
  2 doom hounds (Depths:4)
  An electric golem (Zot:1)
  2 Orb Guardians (Zot:5)
  A Brimstone Fiend (Depths:4)
  15 tentacled monstrosities
  6 liches
  A walking crystal tome (Depths:3)
  A walking divine tome (Depths:3)
  3 quicksilver dragons
  2 deep elf master archers (Elf:3)
  8 ancient champions
  3 sphinxes
  9 death cobs
  2 deep elf blademasters (Elf:3)
  A walking frostbound tome (Depths:2)
  The ghost of questionabletactics the Deadly Accurate, an adept OgGl of Okawaru (Shoals:1)
  7 shadow dragons
  6 acid blobs
  5 storm dragons
  4 tengu reavers
  3 revenants
  Aizul (Snake:4)
  Ilsuiw (Shoals:4)
  5 azure jellies
  3 nagarajas
  2 draconian knights
  7 frost giants
  3 draconian monks
  3 rockslimes
  An iron dragon (Vaults:5)
  3 fire giants
  6 deep elf sorcerers
  A spectral caustic shrike (Depths:4)
  2 ghost moths
  5 draconian scorchers
  9 vault wardens
  5 deep elf elementalists (Elf:3)
  2 draconian stormcallers (Zot:1)
  2 draconian annihilators
  4 ironbound preservers
  A curse skull (Crypt:3)
  2 ghouls (Crypt:1)
  Louise (Elf:3)
  7 draconian shifters
  4 formless jellyfish
  A juggernaut skeleton (Crypt:3)
  An orc warlord (Orc:2)
  4 stone giants
  2 spriggan defenders
  7 very ugly things
  3 war gargoyles
  9 ironbound thunderhulks
  3 caustic shrike skeletons (Crypt:3)
  7 quicksilver oozes
  9 vampire knights
  9 green draconians
  A rockslime zombie (Crypt:2)
  7 black draconians
  6 yellow draconians
  7 deep elf demonologists
  6 purple draconians
  A dire elephant (Vaults:1)
  7 deep elf annihilators (Elf:3)
  2 red draconians
  A minotaur (Gauntlet)
  A spark wasp (Depths:4)
  An eidolon (Crypt:3)
  A crystal guardian (Vaults:2)
  10 deep elf death magi
  5 white draconians
  8 mummy priests (Tomb:1)
  2 jiangshi (Crypt:2)
  7 merfolk impalers
  2 ettins
  A quicksilver dragon zombie (Crypt:1)
  An entropy weaver (Vaults:3)
  6 merfolk javelineers
  10 yaktaur captains
  5 fire dragons
  A spriggan zombie (Depths:2)
  13 great orbs of eyes
  16 vault guards
  3 salamander tyrants
  A rakshasa (Depths:3)
  4 hydras
  2 spriggan skeletons (Crypt:3)
  3 deep elf high priests (Elf:3)
  Erolcha (D:11)
  3 peacekeepers
  A death knight (Crypt:3)
  An Orb Guardian zombie (Crypt:2)
  12 merfolk aquamancers
  An ogre mage (D:15)
  A spriggan air mage (Depths:3)
  11 anacondas
  A fenstrider witch skeleton (Crypt:3)
  4 merfolk avatars
  11 ironbound frosthearts
  3 two-headed ogres
  15 centaur warriors
  3 alligator snapping turtles
  A tengu warrior (D:14)
  24 naga warriors
  4 nameless horrors
  2 satyrs (Shoals:2)
  A sphinx skeleton (Vaults:4)
  12 dancing weapons
  4 death yaks (Lair:5)
  2 boulder beetles (D:15)
  3 deep troll earth magi
  A death scarab (Depths:2)
  3 deep troll shamans (Depths:3)
  4 orc high priests (Orc:2)
  3 vampire magi
  3 spriggan berserkers
  The ghost of Kurtz the Cleaver, a novice OpFi of Okawaru (D:9)
  8 naga sharpshooters
  8 hell knights
  2 soul eaters
  9 shock serpents
  4 titan skeletons
  3 sun demons (Depths:1)
  7 deep elf knights
  3 iron trolls
  2 salamander mystics
  4 shadow wraiths (Crypt:3)
  10 skysharks
  20 skeletal warriors
  2 glowing orange brains
  12 sea snakes
  25 deep trolls
  16 naga ritualists
  5 occultists
  A spriggan simulacrum (Crypt:2)
  5 flayed ghosts
  7 phantasmal warriors
  11 deep elf archers
  15 ironbound convokers
  A lindwurm (shapeshifter) (Vaults:5)
  7 harpies
  14 mana vipers
  4 necromancers
  2 anaconda skeletons (Crypt:3)
  2 lindwurms (Vaults:2)
  17 deep elf pyromancers
  18 deep elf zephyrmancers
  The ghost of PowderKeg the Chopper, a novice FoHu of Okawaru (D:6)
  7 orc knights
  25 manticores
  A frost giant zombie (Vaults:4)
  9 cyclopes
  13 fauns
  5 orc sorcerers
  A faun (shapeshifter) (Vaults:5)
  27 ugly things
  18 moths of wrath
  7 elephants (Lair:2)
  A dire elephant zombie (Crypt:2)
  A shadow dragon skeleton (Crypt:3)
  A moth of wrath (shapeshifter) (Vaults:5)
  9 salamanders
  5 guardian serpents
  7 water nymphs
  2 molten gargoyles (Lair:3)
  42 black mambas
  A torpor snail (Lair:3)
  A guardian serpent (shapeshifter) (D:13)
  12 vault sentinels
  11 merfolk sirens
  An unseen horror (D:10)
  17 naga magi
  2 white draconian zombies
  2 gargoyles
  3 kobold demonologists
  A hellion (Depths:4)
  4 naga skeletons (Crypt:3)
  15 cane toads
  6 komodo dragons
  6 freezing wraiths
  2 rime drakes
  Psyche (D:8)
  An efreet (D:15)
  A sea snake zombie (Crypt:2)
  40 yaktaurs
  2 dire elephant skeletons (Crypt:3)
  A tormentor (Depths:3)
  32 merfolk
  An alligator snapping turtle skeleton (Crypt:3)
  4 tengu conjurers
  5 red devils
  4 trolls
  A hellwing (Depths:4)
  2 guardian mummies (Tomb:1)
  5 hornets
  Prince Ribbit (D:8)
  9 wind drakes
  2 spectral guardian serpents (Crypt:1)
  6 polar bears
  2 dream sheep (shapeshifter)
  A harpy skeleton (Crypt:3)
  A snapping turtle (shapeshifter) (Vaults:4)
  4 blink frogs (Lair:3)
  10 snapping turtles
  18 dream sheep
  A stone giant simulacrum (Vaults:4)
  A radroach zombie (Crypt:3)
  31 slime creatures
  7 flying skulls
  3 shadows (Gauntlet)
  6 air elementals
  An ettin skeleton (Crypt:3)
  16 spriggans
  A vampire (D:11)
  6 wraiths
  A dire elephant simulacrum (Crypt:2)
  62 yaks
  5 fire elementals
  17 water elementals
  2 basilisks
  5 wyverns
  A golden eye (Slime:5)
  2 steam dragons
  12 vampire mosquitoes
  3 redbacks (Vaults:3)
  A warg (Elf:2)
  54 nagas
  4 acid dragons
  8 water moccasins
  2 sky beasts
  An ice beast (D:6)
  An elephant zombie (Crypt:1)
  32 orc warriors
  10 black bears
  A hornet zombie (Crypt:1)
  7 ogres
  9 boggarts
  33 wolves
  6 centaurs
  A draconian zombie (Crypt:1)
  5 kobold brigands
  A phantom (D:7)
  A fire crab zombie (Crypt:2)
  2 gnoll sergeants
  An elf skeleton (Crypt:1)
  9 bullfrogs
  A scorpion (D:4)
  A draconian skeleton (Crypt:2)
  An earth elemental (Elf:3)
  A necrophage (Crypt:1)
  23 wights
  23 killer bees
  A yak skeleton (Crypt:1)
  4 electric eels
  9 howler monkeys
  5 lava snakes (Lair:3)
  19 orc priests
  2 hounds
  5 jellies
  A basilisk zombie (Crypt:2)
  4 gnoll boudas
  A sleepcap (D:6)
  5 iguanas
  32 orc wizards
  An ogre skeleton (Crypt:2)
  An acid dragon skeleton (Crypt:1)
  8 mummies (Tomb:1)
  Robin (D:4)
  5 adders
  19 gnolls
  A shadow imp (D:5)
  2 white imps
  2 ufetubi (D:5)
  2 worms
  2 dart slugs (D:3)
  94 orcs
  8 endoplasms
  4 giant cockroaches
  11 hobgoblins
  7 jackals
  29 kobolds
  5 quokkas
  6 ball pythons
  A ball python zombie (Crypt:3)
  2 bats
  3 frilled lizards
  A frilled lizard skeleton (Crypt:2)
  A frilled lizard zombie (Crypt:3)
  12 goblins
  A quokka skeleton (Crypt:3)
  5 rats
  2 butterflies
1921 creatures vanquished.

Vanquished Creatures (collateral kills)
  A dread lich (Vaults:5)
  An ancient lich (Zot:5)
  An orb of fire (Zot:5)
  3 Killer Klowns
  4 caustic shrikes (Depths:4)
  8 golden dragons
  2 electric golems (Zot:5)
  17 Orb Guardians (Zot:5)
  5 tentacled monstrosities
  Zenata (Vaults:1)
  Grunn (Depths:4)
  2 liches
  A walking crystal tome (Depths:3)
  6 sphinxes
  4 quicksilver dragons
  2 titans (Vaults:5)
  12 acid blobs
  An Executioner (D:4)
  2 ancient champions
  3 death cobs
  4 tengu reavers
  11 storm dragons
  A revenant (Tomb:1)
  3 draconian monks
  4 shadow dragons
  A draconian knight (Zot:5)
  2 fire giants
  3 azure jellies (Slime:5)
  8 rockslimes
  An emperor scorpion (shapeshifter) (Vaults:5)
  4 frost giants
  2 spectral caustic shrikes (Depths:4)
  3 draconian scorchers (Zot:1)
  An orc warlord (Vaults:3)
  5 ironbound preservers
  2 draconian shifters
  7 vault wardens
  2 quicksilver oozes
  A draconian annihilator (Zot:3)
  A spriggan defender (Depths:3)
  A reaper (Crypt:3)
  7 stone giants
  3 formless jellyfish
  6 very ugly things
  5 ironbound thunderhulks
  A war gargoyle (Vaults:3)
  A caustic shrike skeleton (Crypt:3)
  8 green draconians
  A deep elf demonologist (Vaults:5)
  7 purple draconians
  3 red draconians
  2 bennus (Tomb:1)
  3 black draconians
  A dire elephant (Vaults:1)
  A spark wasp (Depths:4)
  4 yellow draconians
  4 white draconians
  2 ettins
  3 eidola
  2 mummy priests (Tomb:1)
  3 fire dragons
  A crystal guardian (Vaults:3)
  6 yaktaur captains
  6 great orbs of eyes
  3 rakshasas (Depths:1)
  7 vault guards
  7 ice dragons
  An Orb Guardian zombie (Crypt:2)
  A centaur warrior (Vaults:2)
  An ironbound frostheart (Vaults:1)
  A spriggan skeleton (Crypt:2)
  5 deep troll shamans
  2 spriggan air magi
  A death knight (Crypt:3)
  A demonic crawler (D:7)
  2 deep troll earth magi
  A hell hog (Depths:1)
  2 spriggan berserkers (Depths:3)
  2 spriggans
  3 sun demons (Depths:1)
  5 hell knights
  3 iron trolls
  7 skeletal warriors
  A glowing orange brain (Slime:5)
  17 deep trolls
  A nameless horror (Vaults:4)
  A lindwurm (Vaults:2)
  2 phantasmal warriors (Depths:1)
  5 ironbound convokers
  An orc knight (Vaults:3)
  A harpy (Shoals:1)
  A shadow dragon zombie (Depths:2)
  A stone giant zombie (Crypt:2)
  An iron dragon zombie (Depths:2)
  2 shining eyes
  7 necromancers
  An orc sorcerer (Vaults:5)
  4 ugly things
  A cyclops (shapeshifter) (Vaults:5)
  An elephant (shapeshifter) (Vaults:5)
  2 moths of wrath
  A human skeleton (Vaults:4)
  A toenail golem (D:14)
  7 vault sentinels
  A rust devil (Depths:1)
  A smoke demon (Depths:4)
  2 eyes of devastation
  A hellion (Depths:1)
  7 yaktaurs
  A rime drake (shapeshifter) (Vaults:5)
  11 guardian mummies (Tomb:1)
  An alligator snapping turtle skeleton (Tomb:1)
  A hellwing (Depths:4)
  A merfolk (Shoals:1)
  3 hornets
  An ettin zombie (Depths:2)
  48 slime creatures
  A snapping turtle (Shoals:1)
  2 flying skulls (Tomb:1)
  3 ushabtiu (Tomb:1)
  5 golden eyes (Slime:5)
  A steam dragon (D:7)
  A human (shapeshifter) (Vaults:5)
  A fire bat zombie (Crypt:3)
  An acid dragon (Zot:1)
  5 glass eyes
  An orc warrior (Vaults:5)
  4 mummies (Tomb:1)
  35 boulders
477 creatures vanquished.

Vanquished Creatures (others)
  A dread lich (Zot:5)
  2 ancient liches (Zot:5)
  A Killer Klown (Zot:5)
  3 tentacled monstrosities (Vaults:5)
  5 Orb Guardians (Zot:5)
  A storm dragon (Vaults:5)
  4 tengu reavers (Vaults:5)
  A draconian knight (Zot:5)
  A fire giant (Vaults:5)
  A draconian scorcher (Zot:1)
  4 vault wardens (Vaults:5)
  An iron dragon (Vaults:5)
  2 frost giants (Vaults:5)
  An ironbound preserver (Vaults:5)
  A draconian stormcaller (Zot:1)
  A very ugly thing (Vaults:5)
  A spriggan defender (Depths:2)
  A war gargoyle (Vaults:5)
  2 stone giants (Vaults:5)
  A white draconian (Zot:4)
  2 yellow draconians
  3 ettins (Vaults:5)
  A yaktaur captain (Vaults:5)
  21 vault guards (Vaults:5)
  An ogre mage (Vaults:5)
  4 two-headed ogres (Vaults:5)
  A deep elf knight (Elf:3)
  An orb spider (shapeshifter) (Vaults:5)
  A deep troll (Vaults:5)
  2 ironbound convokers (Vaults:5)
  A moth of wrath (shapeshifter) (Vaults:5)
  An unseen horror (D:13)
  A hellion (D:1)
  A yaktaur (Vaults:5)
  A tarantella (shapeshifter) (Vaults:5)
  An acid dragon (Zot:2)
  3 orc wizards
  2 orcs
  37 boulders
  9 snaplasher vines
129 creatures vanquished.

Grand Total: 2527 creatures vanquished

Notes
Turn   | Place    | Note
-------+----------+-------------------------------------------
     0 | D:1      | Midpoint the Mummy Earth Elementalist began the quest for
                  | the Orb.
     0 | D:1      | Reached XP level 1. HP: 13/13 MP: 4/4
    78 | D:1      | Reached skill level 3 in Spellcasting
   235 | D:1      | Found Mogoiruz's Vocational Training.
   244 | D:1      | Reached XP level 2. HP: 19/19 MP: 4/6
   247 | D:1      | Learned a level 2 spell: Passwall
   957 | D:1      | Reached skill level 4 in Spellcasting
   957 | D:1      | Reached XP level 3. HP: 24/24 MP: 5/8
  1070 | D:2      | Learned a level 3 spell: Stone Arrow
  1820 | D:3      | Reached XP level 4. HP: 30/30 MP: 7/10
  1972 | D:3      | Reached skill level 5 in Spellcasting
  2449 | D:4      | Noticed Robin
  2484 | D:4      | Reached XP level 5. HP: 36/36 MP: 4/12
  2629 | D:4      | Reached skill level 1 in Fighting
  2701 | D:4      | Killed Robin
  2861 | D:4      | Reached skill level 6 in Spellcasting
  2861 | D:4      | Reached XP level 6. HP: 43/43 MP: 12/15
  2992 | D:4      | Learned a level 2 spell: Cigotuvi's Dreadful Rot
  2998 | D:4      | Identified the +2 leather armour "Rooral" {Harm *Corrode
                  | rN+ Str+3}
  3009 | D:4      | Reached skill level 1 in Conjurations
  3507 | D:5      | Entered Level 5 of the Dungeon
  3781 | D:5      | Reached XP level 7. HP: 48/48 MP: 12/17
  3802 | D:5      | Reached skill level 1 in Necromancy
  3858 | D:5      | Reached skill level 7 in Spellcasting
  3911 | D:5      | Found Detehy's Armour Shoppe.
  3919 | D:5      | Bought a +0 pair of gloves for 49 gold pieces
  3919 | D:5      | Bought a +1 cloak for 126 gold pieces
  3936 | D:5      | Found Leimuin's Book Emporium.
  3957 | D:5      | Found a staircase to the Ecumenical Temple.
  4221 | D:6      | Found a burning altar of Makhleb.
  4221 | D:6      | Noticed a green death
  4286 | D:6      | Reached XP level 8. HP: 58/58 MP: 7/19
  4412 | D:6      | Reached skill level 8 in Spellcasting
  4459 | D:5      | Found Dotifani's Antique Weapon Shop.
  4724 | D:6      | Found a runed translucent door.
  4725 | D:6      | Noticed PowderKeg's ghost (novice FoHu)
  4793 | Temple   | Entered the Ecumenical Temple
  5341 | Temple   | Became a worshipper of Gozag Ym Sagoz the Greedy
  5460 | D:5      | Found Vyrawup's Antique Weapon Shop.
  6012 | D:6      | Reached skill level 5 in Earth Magic
  6288 | D:6      | Learned a level 4 spell: Brom's Barrelling Boulder
  6456 | D:7      | Reached XP level 9. HP: 66/66 MP: 17/21
  6544 | D:7      | Reached skill level 5 in Conjurations
  6545 | D:7      | Reached skill level 5 in Fighting
  6848 | D:5      | Bought a +4 ring mail of fire resistance for 341 gold
                  | pieces
  6848 | D:5      | Bought a +0 pair of boots for 49 gold pieces
  7489 | D:8      | Reached skill level 1 in Armour
  7570 | D:8      | Reached skill level 1 in Shields
  7587 | D:8      | Noticed Prince Ribbit
  7600 | D:8      | Killed Prince Ribbit
  7636 | D:8      | Found Viecwa Tiqu's Armour Shop.
  7641 | D:8      | Noticed Psyche
  7743 | D:8      | Killed Psyche
  8252 | D:9      | Noticed a troll
  8268 | D:9      | Reached XP level 10. HP: 74/74 MP: 14/22
  8272 | D:9      | Reached skill level 9 in Spellcasting
  8349 | D:9      | Found a staircase to the Orcish Mines.
  8349 | D:9      | Found Iruihag's Weapon Emporium.
  8588 | D:9      | Reached skill level 10 in Spellcasting
  8592 | D:9      | Found a staircase to the Lair.
  8705 | D:5      | Bought a book of Minor Magic for 270 gold pieces
  8709 | D:5      | Learned a level 3 spell: Mephitic Cloud
  8842 | D:9      | Reached skill level 1 in Poison Magic
  8852 | D:9      | Reached skill level 1 in Air Magic
  9135 | D:9      | Reached skill level 5 in Shields
  9148 | D:9      | Learned a level 3 spell: Ignite Poison
  9335 | D:9      | Found a runed translucent door.
  9336 | D:9      | Noticed Kurtz's ghost (novice OpFi)
  9340 | D:9      | Identified the +9 spear "Niwnijyr" {protect, *Corrode rC+++
                  | Int+3 SInv}
  9584 | D:10     | Entered Level 10 of the Dungeon
  9832 | D:10     | Reached XP level 11. HP: 79/79 MP: 16/25
  9851 | D:10     | Found Muxtyrph's Antique Armour Emporium.
  9859 | D:10     | Bought a brightly glowing buckler for 313 gold pieces
  9859 | D:10     | Identified the +1 buckler of Gravitas {rF- rN+ Will+++
                  | Dex+4} (You bought it in a shop on level 10 of the Dungeon)
  9923 | D:10     | Found a radiant altar of Vehumet.
 10361 | D:10     | Reached skill level 1 in Transmutations
 10639 | D:10     | Reached skill level 1 in Fire Magic
 11010 | D:11     | Noticed a two-headed ogre
 11034 | D:11     | Killed a two-headed ogre
 11271 | D:11     | Reached skill level 11 in Spellcasting
 11333 | D:11     | Noticed Erolcha
 11447 | Lair:1   | Entered Level 1 of the Lair of Beasts
 12532 | Lair:2   | Reached skill level 12 in Spellcasting
 12532 | Lair:2   | Reached XP level 12. HP: 86/86 MP: 10/28
 12688 | Lair:2   | Identified a scroll of acquirement
 13690 | Lair:3   | Found a staircase to the Shoals.
 13733 | Lair:3   | Reached skill level 5 in Poison Magic
 13780 | Lair:3   | Identified the +6 chain mail of Aseev {*Slow rElec Int-5
                  | Dex+9}
 13840 | Lair:3   | Reached skill level 10 in Conjurations
 14363 | Lair:3   | Found a staircase to the Snake Pit.
 14842 | Lair:3   | Learned a level 2 spell: Blink
 15108 | Lair:4   | Gained mutation: You are strongly in touch with the powers
                  | of death. [Mummy growth]
 15108 | Lair:4   | Reached XP level 13. HP: 74/91 MP: 12/29
 15173 | Lair:4   | Found a staircase to the Slime Pits.
 15511 | Lair:4   | Found the +4 robe of Folly {Brill Will-∞ Int+8}
 16048 | Lair:5   | Entered Level 5 of the Lair of Beasts
 16586 | Lair:5   | Identified the staff "Podieler" {rC+ Str+4 Conj}
 17305 | Lair:4   | Reached skill level 5 in Dodging
 18066 | Orc:1    | Entered Level 1 of the Orcish Mines
 18103 | Orc:1    | Found Edavvoma's Assorted Antiques.
 18109 | Orc:1    | Learned a level 3 spell: Swiftness
 18121 | Orc:1    | Bought a curved silver wand for 124 gold pieces
 18121 | Orc:1    | Bought an ancient iron ring for 155 gold pieces
 18121 | Orc:1    | Identified the ring "Tour Jukh" {Fly Dex+3 SInv} (You
                  | bought it in a shop on level 1 of the Orcish Mines)
 18122 | Orc:1    | Bought a fading long sword for 263 gold pieces
 18122 | Orc:1    | Identified the +3 long sword of the Smoking Hawk {freeze,
                  | rPois rF+ Int+5 Stlth-} (You bought it in a shop on level 1
                  | of the Orcish Mines)
 18141 | Orc:2    | Entered Level 2 of the Orcish Mines
 18260 | Orc:2    | Found a staircase to the Elven Halls.
 18443 | Orc:1    | Found Zogys Bige's Antique Weapon Shop.
 18589 | Orc:1    | Found Fodei's Armour Shop.
 18608 | Orc:1    | Reached skill level 1 in Polearms
 18608 | Orc:1    | Reached XP level 14. HP: 103/106 MP: 9/30
 18673 | Orc:1    | Found Hutwua's Jewellery Boutique.
 18998 | Orc:2    | Noticed an orc warlord
 19136 | Orc:2    | Killed an orc warlord
 20164 | Orc:2    | Found Umaamoun's General Store.
 20217 | Orc:2    | Found Hyptirutt's Antique Armour Emporium.
 20218 | Orc:2    | Found Bouquaf's Antique Weapon Shoppe.
 20219 | Orc:2    | Found Siown's Jewellery Emporium.
 20251 | Orc:2    | Bought a scroll of teleportation for 51 gold pieces
 20358 | Orc:1    | Bought the ring "Qeoce" {Will++ Str+6 Slay+3} for 765 gold
                  | pieces
 20639 | D:11     | Killed Erolcha
 21101 | D:11     | You fall into a shaft and drop 2 floors!
 21958 | D:13     | Reached skill level 13 in Spellcasting
 21966 | D:13     | Found a gate to the Vaults.
 22372 | D:13     | Reached skill level 5 in Armour
 22850 | D:12     | Reached skill level 10 in Fighting
 24141 | D:14     | Identified the +0 robe of Qaikenk {Rampage +Inv Int-4}
 24505 | D:14     | Reached skill level 5 in Polearms
 25329 | D:14     | Reached skill level 14 in Spellcasting
 25329 | D:14     | Reached XP level 15. HP: 104/115 MP: 19/33
 25463 | D:15     | Entered Level 15 of the Dungeon
 25465 | D:15     | Found a staircase to the Depths.
 25663 | D:15     | Found a gate leading to a gauntlet.
 25687 | Gauntlet | Entered a Gauntlet
 25687 | Gauntlet | Found a transporter.
 25687 | Gauntlet | Found a transporter.
 25691 | Gauntlet | Found a transporter.
 25691 | Gauntlet | Found a transporter.
 25691 | Gauntlet | Found a transporter.
 25704 | Gauntlet | Found a transporter.
 25717 | Gauntlet | Found a transporter.
 25732 | Gauntlet | Found a transporter.
 25748 | Gauntlet | Found a transporter.
 25757 | Gauntlet | Found a transporter.
 25763 | Gauntlet | Found a transporter.
 25777 | Gauntlet | Found a transporter.
 25831 | Gauntlet | Learned a level 5 spell: Freezing Cloud
 26948 | D:15     | Learned a level 4 spell: Dispel Undead
 27693 | D:1      | Bought a manual of Evocations for 960 gold pieces
 27760 | D:5      | Bought a book of Power for 630 gold pieces
 27767 | D:5      | Learned a level 6 spell: Bombard
 27773 | D:5      | Learned a level 5 spell: Iskenderun's Battlesphere
 27776 | D:5      | Learned a level 1 spell: Magic Dart
 27986 | Shoals:1 | Entered Level 1 of the Shoals
 28050 | Snake:1  | Entered Level 1 of the Snake Pit
 28215 | Snake:1  | Reached skill level 1 in Evocations
 29606 | Snake:1  | Identified the amulet "Vaqiagrirch" {Faith Int+3 SInv}
 29613 | Snake:1  | Identified the ring of Optimism {Wiz rC+ MP+9}
 29675 | Snake:1  | Reached skill level 15 in Spellcasting
 30347 | Snake:2  | Reached XP level 16. HP: 93/122 MP: 27/35
 30600 | Snake:2  | Reached skill level 5 in Necromancy
 30746 | Snake:2  | Reached skill level 5 in Evocations
 30848 | Snake:2  | You fall into a shaft and drop 1 floor!
 31282 | Snake:3  | Found a transporter.
 32338 | Snake:3  | Found a shimmering blue altar of Sif Muna.
 32468 | Snake:3  | Reached skill level 16 in Spellcasting
 33062 | Snake:3  | Found Atinwaor's Jewellery Emporium.
 33062 | Snake:3  | Found Niolor's Book Boutique.
 33064 | Snake:3  | Found Lacuobent's Book Boutique.
 33266 | Lair:3   | Upgraded the game from 0.31-a0-844-gdc52ec4e09 to
                  | 0.31-a0-845-g9abc20d24f
 33418 | Shoals:1 | Found a runed translucent gate.
 33421 | Shoals:1 | Found a runed translucent gate.
 33422 | Shoals:1 | Found a runed translucent gate.
 33423 | Shoals:1 | Noticed questionabletactics's ghost (adept OgGl)
 33556 | Shoals:1 | Noticed Nikola
 33574 | Shoals:1 | Killed Nikola
 34816 | Shoals:2 | Reached XP level 17. HP: 128/129 MP: 29/37
 36023 | Shoals:3 | Found a transporter.
 36023 | Shoals:3 | Found Beehad's Distillery.
 36027 | Shoals:3 | Found a transporter.
 36219 | Shoals:3 | Identified the +9 falchion "Bycs" {freeze, rPois rC+ Dex-3
                  | Stlth+}
 36635 | Lair:1   | Bought a condenser vane for 1000 gold pieces
 36635 | Lair:1   | Bought a jewelled spear for 200 gold pieces
 36635 | Lair:1   | Identified the +6 spear of Conservatism {chaos, Fly Int+4
                  | Dex-3} (You bought it in a shop on level 1 of the Lair of
                  | Beasts)
 36646 | Lair:1   | Bought a lightning rod (4/4) for 960 gold pieces
 36813 | Snake:4  | Entered Level 4 of the Snake Pit
 36814 | Snake:4  | Noticed Aizul
 37459 | Snake:4  | Killed Aizul
 38012 | Snake:4  | Reached skill level 10 in Evocations
 38567 | Snake:4  | Reached XP level 18. HP: 130/140 MP: 23/38
 38587 | Snake:4  | Got a serpentine rune of Zot
 39072 | Shoals:4 | Entered Level 4 of the Shoals
 39819 | Shoals:4 | Got a vibrant book
 40044 | Shoals:4 | Found the +12 glaive of Prune {freeze, Prune}
 40145 | Shoals:4 | Noticed Ilsuiw
 40159 | Shoals:4 | Killed Ilsuiw
 40250 | Shoals:4 | Reached skill level 1 in Summonings
 40476 | Shoals:4 | Got a barnacled rune of Zot
 40837 | Snake:3  | Bought the amulet of the Four Winds {rN+ Will+++ Clar} for
                  | 910 gold pieces
 40837 | Snake:3  | Found the amulet of the Four Winds {rN+ Will+++ Clar}
 41044 | Elf:1    | Entered Level 1 of the Elven Halls
 41044 | Elf:1    | Found a portal to a secret trove of treasure.
 41047 | Elf:1    | Found Toungal's Book Shoppe.
 41080 | Elf:1    | Identified the +12 battleaxe of Impatience {spect, Int+3}
 41183 | Elf:1    | Paralysed by an air elemental for 1 turns
 41186 | Elf:1    | Paralysed by an air elemental for 1 turns
 41249 | Elf:1    | Found Qefelu's Magic Scroll Shoppe.
 41777 | Elf:1    | Got a graven book
 42230 | Elf:1    | Identified the +7 dagger of the Pits of Slime {antimagic,
                  | rElec Str+5 Dex+3}
 42613 | Elf:1    | Paralysed by an air elemental for 1 turns
 42617 | Elf:1    | Paralysed by an air elemental for 1 turns
 42854 | Elf:2    | Paralysed by an air elemental for 1 turns
 42856 | Elf:2    | Found Uradd's Antique Weapon Shop.
 42901 | Elf:2    | Bought a jewelled dagger for 203 gold pieces
 42901 | Elf:2    | Identified the +1 dagger of Jeicroxi {drain, rF- Will+
                  | Str+3} (You bought it in a shop on level 2 of the Elven
                  | Halls)
 43060 | Elf:2    | Reached skill level 5 in Summonings
 43499 | Elf:2    | Found a runed translucent gate.
 43499 | Elf:2    | Found a runed translucent gate.
 43499 | Elf:2    | Found a runed translucent gate.
 43633 | Elf:3    | Entered Level 3 of the Elven Halls
 43655 | Elf:3    | Paralysed by an air elemental for 1 turns
 44030 | Elf:3    | Noticed Louise
 44050 | Elf:3    | Killed Louise
 44378 | Elf:3    | Reached XP level 19. HP: 143/150 MP: 38/39
 44943 | Elf:3    | Learned a level 7 spell: Spellforged Servitor
 45019 | Elf:3    | Identified the ring of the Kodama {rPois rCorr Str+2 SInv}
 45414 | Elf:3    | Identified the +4 demon whip of Woing {protect, rF+}
 45414 | Elf:3    | Identified the amulet of Finality {*Slow rF+++ Regen+ Dex-3
                  | SInv}
 45425 | Elf:3    | Identified the amulet of Mofiyk {Reflect Harm rF- SH+5 SInv
                  | Stlth+}
 45433 | Elf:3    | Reached skill level 17 in Spellcasting
 45468 | Elf:3    | Noticed a Tzitzimitl
 46066 | Elf:3    | Identified the +4 scale mail of Calculation {Will+ Dex+5
                  | Stlth+}
 46091 | Elf:3    | Identified the staff "Toorreol" {Str+5 Conj}
 46096 | Elf:3    | Identified the +0 robe of Duck's Teeth {rPois}
 46198 | Elf:3    | Upgraded the game from 0.31-a0-845-g9abc20d24f to
                  | 0.31-a0-846-gb3bcc0d938
 46221 | Elf:3    | Upgraded the game from 0.31-a0-846-gb3bcc0d938 to
                  | 0.31-a0-848-gaac375c287
 46363 | D:9      | Bought a pair of runed boots for 180 gold pieces
 46365 | D:9      | Bought a transparent robe for 136 gold pieces
 46365 | D:9      | Identified the +1 robe of Fyech {Str+4} (You bought it in a
                  | shop on level 9 of the Dungeon)
 46367 | D:9      | Bought a twisted robe for 136 gold pieces
 46367 | D:9      | Identified the +0 robe of Agnosticism {rC+} (You bought it
                  | in a shop on level 9 of the Dungeon)
 46371 | D:9      | Upgraded the game from 0.31-a0-848-gaac375c287 to
                  | 0.31-a0-854-g362426d53f
 46484 | Vaults:1 | Entered Level 1 of the Vaults
 46964 | Vaults:1 | Found Cetsesua's Weapon Emporium.
 47730 | Vaults:1 | Identified the +8 dire flail "Zihewag" {flame, rF+ Str+4}
 47782 | Vaults:1 | Noticed Zenata
 47796 | Vaults:2 | Found a staircase to the Crypt.
 47796 | Vaults:2 | Noticed Jory
 48305 | Vaults:2 | Identified the +0 pair of boots "Wokkimol" {Will+++ Str-2
                  | SInv Stlth+}
 49373 | Vaults:2 | Upgraded the game from 0.31-a0-854-g362426d53f to
                  | 0.31-a0-859-g9dce7d3444
 49727 | Vaults:1 | Reached XP level 20. HP: 159/159 MP: 32/41
 49737 | Vaults:1 | Learned a level 5 spell: Summon Forest
 51280 | Vaults:3 | Identified the +1 war axe of Blood-Lust {speed, rC+}
 51332 | Vaults:3 | Reached skill level 18 in Spellcasting
 52331 | Vaults:2 | Killed Jory
 52615 | Vaults:2 | Reached skill level 10 in Summonings
 53150 | Crypt:1  | Entered Level 1 of the Crypt
 54690 | Crypt:2  | Reached skill level 19 in Spellcasting
 55127 | Crypt:2  | Got a fusty book
 55453 | Crypt:3  | Entered Level 3 of the Crypt
 55463 | Crypt:3  | Found a staircase to the Tomb.
 55535 | Crypt:3  | Reached XP level 21. HP: 130/165 MP: 13/44
 55935 | Crypt:3  | Acquired 891 gold pieces
 55937 | Crypt:3  | Acquired the +3 pair of gauntlets of War {Slay+5}
 55937 | Crypt:3  | Found the +3 pair of gauntlets of War {Slay+5}
 56808 | Crypt:3  | Learned a level 1 spell: Apportation
 56917 | Crypt:3  | Noticed a curse toe
 56920 | Crypt:3  | Killed a curse toe
 57049 | Crypt:3  | Got a fuliginous book
 57706 | Crypt:3  | Noticed an ancient lich
 57710 | Crypt:3  | Killed an ancient lich
 57711 | Crypt:3  | Reached skill level 20 in Spellcasting
 57728 | Crypt:3  | Got a foxed book
 57732 | Crypt:3  | Identified the +7 chain mail "Bosh" {rElec Int+3}
 57869 | Crypt:3  | Upgraded the game from 0.31-a0-859-g9dce7d3444 to
                  | 0.31-a0-865-g3d5d91748a
 58013 | Vaults:3 | Reached skill level 10 in Polearms
 60444 | Vaults:4 | Found Wiel's Antique Armour Emporium.
 60452 | Vaults:4 | Bought a pair of spiked gloves for 323 gold pieces
 60452 | Vaults:4 | Identified the +1 pair of gloves "Zeupairr" {Str+4} (You
                  | bought it in a shop on level 4 of the Vaults)
 61019 | Vaults:2 | Upgraded the game from 0.31-a0-865-g3d5d91748a to
                  | 0.31-a0-875-g02e7d12df6
 61020 | Vaults:2 | Upgraded the game from 0.31-a0-875-g02e7d12df6 to
                  | 0.31-a0-879-g1609e0ac53
 61199 | D:6      | Killed PowderKeg's ghost
 61377 | D:9      | Killed Kurtz's ghost
 61616 | Shoals:1 | Reached skill level 10 in Necromancy
 61618 | Shoals:1 | Killed questionabletactics's ghost
 61619 | Shoals:1 | Reached XP level 22. HP: 130/172 MP: 19/46
 61714 | Shoals:1 | Identified the +0 hat of Cacojer {Harm rN+ Regen+ Dex-2}
 62012 | Snake:3  | Bought a book of Decay for 600 gold pieces
 62025 | Snake:3  | Learned a level 6 spell: Death Channel
 62031 | Snake:3  | Learned a level 4 spell: Anguish
 62169 | Snake:3  | Bought a manual of Necromancy for 1360 gold pieces
 62472 | Depths:1 | Entered Level 1 of the Depths
 62572 | Depths:1 | Found a gateway to Hell.
 62653 | Depths:1 | Found a one-way gateway to a ziggurat.
 62994 | Depths:1 | Found Byehycuo's Antique Armour Shop.
 62995 | Depths:1 | Found Ownuek's Armour Boutique.
 62995 | Depths:1 | Found Pososim's Antique Armour Shop.
 63010 | Depths:1 | Found Weuf's Armour Boutique.
 63111 | Depths:1 | Bought a warped ring mail for 360 gold pieces
 63111 | Depths:1 | Identified the +4 ring mail of Xampecio {Harm rElec rN++
                  | SInv} (You bought it in a shop on level 1 of the Depths)
 63119 | Depths:1 | Bought a +0 helmet of intelligence for 241 gold pieces
 63321 | Depths:1 | Found a shimmering altar of Xom.
 63568 | Depths:2 | Found Yqabead's Self-Published Books.
 63641 | Depths:2 | Found Zogopn's Armour Shoppe.
 64053 | Depths:2 | Found Nupsep's General Store.
 64066 | Depths:2 | Found Oneogous's Antique Armour Emporium.
 64314 | Depths:2 | Identified the +6 leather armour of Jales {Will+ MP+9}
 64532 | Depths:2 | Got a sooty book
 64614 | Depths:2 | Found Pashenk's Antique Weapon Emporium.
 64745 | Depths:2 | Found a one-way gate leading to the halls of Pandemonium.
 64991 | Depths:3 | Found a transporter.
 64991 | Depths:3 | Found a transporter.
 64995 | Depths:3 | Found a transporter.
 64995 | Depths:3 | Found a transporter.
 64999 | Depths:3 | Found a transporter.
 64999 | Depths:3 | Found a transporter.
 65012 | Depths:3 | Reached skill level 10 in Shields
 65590 | Depths:3 | Reached skill level 15 in Fighting
 65990 | Depths:3 | Found a one-way gate to the infinite horrors of the Abyss.
 66317 | Depths:3 | Reached XP level 23. HP: 160/181 MP: 41/47
 66741 | Depths:4 | Entered Level 4 of the Depths
 67169 | Depths:4 | Noticed Grunn
 67190 | Depths:4 | Killed Grunn
 67193 | Depths:4 | Reached skill level 21 in Spellcasting
 67213 | Depths:4 | Noticed a caustic shrike
 67215 | Depths:4 | Noticed a caustic shrike
 67216 | Depths:4 | Noticed a caustic shrike
 67217 | Depths:4 | Killed a caustic shrike
 67218 | Depths:4 | Noticed a caustic shrike
 67220 | Depths:4 | Killed a caustic shrike
 67225 | Depths:4 | Killed a caustic shrike
 67228 | Depths:4 | Killed a caustic shrike
 67252 | Depths:4 | Found an opulent altar of Gozag.
 67798 | Depths:4 | Reached skill level 22 in Spellcasting
 67806 | Depths:4 | Learned a level 7 spell: Haunt
 67881 | Depths:4 | Found a gate to the Realm of Zot.
 67985 | Depths:4 | Upgraded the game from 0.31-a0-879-g1609e0ac53 to
                  | 0.31-a0-889-g1a8549509d
 67985 | Depths:4 | Upgraded the game from 0.31-a0-889-g1a8549509d to
                  | 0.31-a0-986-g5e6e4ef867
 68404 | Tomb:1   | Entered Level 1 of the Tomb of the Ancients
 68542 | Tomb:1   | Noticed a royal mummy
 68592 | Tomb:1   | Killed a royal mummy
 69874 | Tomb:1   | Learned a level 5 spell: Borgnjor's Vile Clutch
 70270 | Slime:1  | Entered Level 1 of the Pits of Slime
 70845 | Vaults:1 | Killed Zenata
 70846 | Vaults:1 | Reached skill level 10 in Dodging
 70988 | Vaults:5 | Entered Level 5 of the Vaults
 70992 | Vaults:5 | Noticed a dread lich
 70996 | Vaults:5 | Killed a dread lich
 71116 | Vaults:5 | Reached XP level 24. HP: 68/195 MP: 21/49
 71587 | Vaults:5 | Got a silver rune of Zot
 71784 | Vaults:5 | Identified the +1 scimitar "Beetleslayer" {elec, Drain
                  | rElec Will+ Str+3}
 71784 | Vaults:5 | Found the ring of the Octopus King {rF+ HP+2 AC+2 EV+2
                  | SH+2}
 71796 | Vaults:5 | Identified the ring "Wyutz" {Ice Str+4 Int+2 Dex+2}
 72044 | Vaults:5 | Identified the +0 whip "Xagha" {heavy, Int+2}
 72045 | Vaults:5 | Identified the +2 flail of the Keeping Gods {flame, rCorr
                  | Dex+5}
 72337 | Vaults:5 | Identified the +5 halberd "Teqiudghe" {freeze, rN++ MP-9
                  | Dex+3 SInv}
 72437 | Vaults:5 | Identified the +0 plate armour "Efiuz" {rN+}
 73071 | Slime:1  | HP: 5/197 [enormous slime creature (38)]
 73415 | Slime:1  | Found a viscous altar of Jiyva.
 73951 | Slime:4  | Reached skill level 10 in Earth Magic
 74177 | Slime:5  | Entered Level 5 of the Pits of Slime
 74955 | Slime:5  | Noticed the Royal Jelly
 74965 | Slime:5  | Killed the Royal Jelly
 75128 | Slime:5  | Got a slimy rune of Zot
 75135 | Slime:5  | Identified the +4 orcbow "Hydraslayer" {drain, Str+3 Dex+6}
 75172 | Slime:5  | Identified the +1 scale mail "Luont" {Dex+5}
 75187 | Slime:5  | Identified the +3 buckler "Heraxofaem" {Slay+6}
 75188 | Slime:5  | Identified the +3 buckler of Juzaugis {+Blink rN+ Int-3}
 75191 | Slime:5  | Identified the +3 ring mail of the Equator {+Blink rC+ rN+}
 75195 | Slime:5  | Identified the staff of Fena {rElec rC- Int+4 SInv Earth}
 75224 | Slime:5  | Identified the +11 orcbow of Ucimyice {heavy, Dex+2}
 75721 | Zot:1    | Entered Level 1 of the Realm of Zot
 76018 | Zot:1    | Reached skill level 23 in Spellcasting
 76044 | Zot:1    | Identified the ring "Urru" {rElec AC+4}
 76494 | Zot:1    | Found the +3 robe of Clouds {*Thunder rCloud rElec}
 77036 | Zot:1    | Reached XP level 25. HP: 205/205 MP: 39/50
 79179 | Zot:2    | Identified the of Wiof Gox (You acquired it on level 2 of
                  | the Realm of Zot)
 79245 | Zot:3    | Noticed a Killer Klown
 79264 | Zot:2    | Killed a Killer Klown
 79898 | Zot:3    | Noticed an orb of fire
 80466 | Zot:3    | Found a runed translucent door.
 80518 | Zot:3    | Killed an orb of fire
 80519 | Zot:3    | Reached skill level 24 in Spellcasting
 81083 | Zot:3    | Noticed Giurur's ghost (veteran OgBe)
 82428 | Zot:4    | Noticed a dread lich
 82456 | Zot:4    | Killed a dread lich
 82677 | Zot:4    | Reached XP level 26. HP: 153/217 MP: 2/51
 83164 | Zot:4    | Identified the +1 arbalest "Juireufi" {elec, Fly rElec
                  | Dex+4}
 83372 | Zot:5    | Entered Level 5 of the Realm of Zot
 83783 | Zot:4    | Reached skill level 25 in Spellcasting
 83937 | Zot:5    | Learned a level 8 spell: Infestation
 84076 | Zot:5    | Noticed an ancient lich
 84087 | Zot:5    | Noticed an ancient lich
 84089 | Zot:5    | Noticed a dread lich
 84093 | Zot:5    | Killed an ancient lich
 84100 | Zot:5    | Noticed a dread lich
 84121 | Zot:5    | Killed a dread lich
 84121 | Zot:5    | Killed an ancient lich
 84302 | Zot:5    | Noticed an orb of fire
 84323 | Zot:5    | Noticed an ancient lich
 84326 | Zot:5    | Reached skill level 15 in Necromancy
 84376 | Zot:5    | Noticed an orb of fire
 84404 | Zot:5    | Noticed an orb of fire
 84406 | Zot:5    | Noticed a dread lich
 84435 | Zot:5    | Noticed an ancient lich
 84444 | Zot:5    | Killed an ancient lich
 84451 | Zot:5    | Killed an orb of fire
 84643 | Zot:5    | Got the Orb of Zot
 85188 | D:$      | Escaped with the Orb!

Illustrated notes

Levels and vault maps discovered:
D:1:      ncdulo_smallfort, layout_basic, nicolae_shop_vocational
D:2:      layout_loops_ring, serial_park_tiny_1, palyth_stone_intersect
D:3:      layout_rooms
D:4:      layout_loops_ring, hangedman_decor_riveting, uniq_robin
D:5:      layout_layer_cave, minmay_temple_entry_from_below_a, serial_shops,
          shop, nicolae_shop_waterfront, shop, shop, serial_glass,
          glass_columns_b, glass_columns_b, glass_columns_b, glass_columns_b,
          glass_columns_a, minmay_strange_pillars, item_on_display_a,
          nicolae_fountain_basement
D:6:      layout_basic, makhleb_altar_promises_db, gammafunk_ghost_grave
D:7:      layout_layer_cave, dreamdust_wishing_well, st_stairs_13,
          kennysheep_flooded_box
D:8:      layout_gridville, serial_shops, shop, uniq_prince_ribbit1, uniq_psyche
D:9:      layout_loops_ring, due_lair_maze_entry_diamond, orc_david_3,
          ebering_ghost_funeral_grove, dreamdust_gnoll_shepherd
D:10:     layout_stronghold, lemuel_doored_altar, serial_shops,
          nicolae_shop_pleasant_corner_grove, kennysheep_minor_cross
D:11:     layout_small_grid, uniq_erolcha
D:12:     layout_gridville
D:13:     layout_basic, erik_vaults_2, minmay_holes
D:14:     layout_gridville, minmay_staircase_bubble,
          einodemon_armed_red_devil_minivault
D:15:     hellmonk_depths_entry_around_the_bend, layout_loops_ring,
          nicolae_cairo_tiling_large, gauntlet_entry_generic,
          nicolae_twisting_strands
Temple:   nicolae_temple_slightly_damp_pantheon
Lair:1:   layout_regular_city, lemuel_fruit_tree, serial_bayou_shore_a,
          lemuel_fruit_fields
Lair:2:   layout_loops_ring, serial_bayou, serial_bayou_pond_b,
          serial_bayou_lagoon_a, serial_bayou_ford_a, serial_bayou_shore_b,
          serial_bayou_pond_c, serial_bayou_pond_c,
          chequers_serial_rivers_marsh, wad_woods_road_03, minmay_hedge_maze,
          lemuel_fruit_fields
Lair:3:   cheibrodos_magma_flow, layout_regular_city, shoals_dummy_entry,
          guppyfry_snake_entry_garden, infiniplex_staircase_pool_2,
          lemuel_fruit_fields, serial_bayou_shore_b
Lair:4:   layout_regular_city, slime_entry_1, minivault_23
Lair:5:   minmay_lair_end_enchanted_forest, layout_misc_corridors
Shoals:1: layout_shoals, gammafunk_ghost_tricky_traps, uniq_nikola
Shoals:2: nicolae_shoals_aurelia_aurita, layout_shoals,
          nicolae_shoals_aquamancer_cove
Shoals:3: layout_shoals, serial_shops, nicolae_shop_drivethru
Shoals:4: shoals_end_simple, layout_shoals, shoals_ilsuiw_ice
Snake:1:  layout_layer_cave, nicolae_snake_naga_rites
Snake:2:  layout_gridlike
Snake:3:  gammafunk_sealed_library, layout_chambers, minmay_shop_grove
Snake:4:  minmay_snake_end_coiled, layout_cave_town, nicolae_fountain_basement,
          uniq_aizul
Slime:1:  layout_caves, basic_altar
Slime:2:  layout_caves
Slime:3:  layout_caves
Slime:4:  layout_caves
Slime:5:  slime_pit_nicolae_royal_road_to_ruin
Orc:1:    layout_caves, serial_shops, nicolae_square_shop, shop_fountains,
          nicolae_shop_just_a_little_nook, nicolae_shop_peninsula
Orc:2:    st_orc_congregation, layout_caves
Elf:1:    layout_loops_corners, serial_shops, shop,
          nicolae_trove_entry_isolated, minmay_elf_demonology, minmay_shop_star
Elf:2:    nicolae_elf_blades_splatter_lattice [nooodl_blade_entry_preview],
          layout_onion_city, serial_shops, shop
Elf:3:    elf_hall, layout_geoelf_grid, grunt_ministairs_1, uniq_louise
Vaults:1: vaults_mumra_minichess, hangedman_vaults_slither,
          dpeg_vaults_hating_casters, v_misc_17, v_alt_pattern_5, v_misc_14,
          nicolae_vaults_trapezoid_lopsided_1, layout_vaults_chaotic_city,
          serial_shops, nicolae_shop_tiny_waterfront, uniq_zenata
Vaults:2: ontoclasm_vaults_decontamination, nicolae_vaults_wrenched,
          nicolae_vaults_lightning_bolt, nicolae_vaults_diamond_2,
          minmay_crypt_entry_simple_corners, nicolae_vaults_big_ls, v_misc_18,
          ontoclasm_vaults_ring_square, nicolae_vaults_diamond_2,
          nicolae_vaults_diamond_1, grunt_vaults_trifunnel,
          nicolae_vaults_asterisk, nicolae_vaults_trapezoid_3, v_misc_28,
          nicolae_vaults_little_squares_6, layout_vaults_maze_bifur, uniq_jory
Vaults:3: nicolae_vaults_tetromino_Z_1, vaults_room_door_hall,
          vaults_mumra_chevron_long, nicolae_vaults_octothorpe, v_misc_24,
          vaults_standard_mumra_lines, vaults_room_fours, v_misc_27,
          hangedman_vaults_capsules, nicolae_vaults_trapezoid_lopsided_1,
          ontoclasm_vaults_ligature, nicolae_vaults_theta,
          nicolae_vaults_double_plus_1, layout_vaults_omnicross
Vaults:4: hangedman_vaults_maws, nicolae_vaults_closet_pinwheel_6,
          nicolae_vaults_security_offices_1, nicolae_vaults_trapezoid_1,
          hangedman_vaults_maws, nicolae_vaults_little_squares_5,
          v_alt_pattern_6, ontoclasm_vaults_eye, nicolae_vaults_tetromino_Z_1,
          dpeg_vaults_monster_box, layout_vaults_omnigrid, serial_shops, shop
Vaults:5: serial_shops
Crypt:1:  layout_gridlike, serial_glass, glass_columns_a, glass_columns_a,
          grunt_ministairs_14, nrook_guardian_serpent_ordinary
Crypt:2:  layout_gridlike, grunt_megastairs_2, roderic_lattice_octagonal_star
Crypt:3:  due_elkab, layout_chaotic_city, tomb_entry_forgotten_bobbens,
          amcnicky_mini_corridor_feature
Tomb:1
Depths:1: layout_gridville, enter_ziggurat_e, chequers_serial_rivers_micro_c,
          nicolae_hell_entry_hellmouth_sunbeams, xom_teletrap_fun,
          minmay_shoptagon
Depths:2: minmay_fractal_lines_corner, layout_cave_pools,
          rand_demon_pan_entry_4, serial_shops, shop_fountains, shop, shop,
          nicolae_shop_hallway_plus, grunt_hell_entry_dis_grunt,
          good_gods_mini_temple, nrook_loot_triangle, nicolae_custom_books,
          hellmonk_scarab_ruin
Depths:3: minmay_slanted_spiral_squares, layout_gridville, abyss_entry,
          hell_entry, serial_nicolae_subway, nicolae_sub_station_stone,
          nicolae_sub_station_metal, nicolae_sub_station_crystal
Depths:4: evilmike_zot_entry_round, layout_gridlike, pf_hell_entry_tar_river,
          rand_demon_pan_entry_8, nicolae_gozag_cash_rules_everything_around_me,
          st_stairs_3, uniq_grunn
Zot:1:    kennysheep_ambush_hall, layout_basic, st_large_dragon_hoard_4
Zot:2:    layout_gridlike, st_small_dragon_hoard_2
Zot:3:    layout_onion_interference, gammafunk_ghost_grave
Zot:4:    hellmonk_crystal_mountain, layout_cathedral_of_symmetry
Zot:5:    layout_basic, basic_altar, grunt_ministairs_14, st_stairs_2,
          regret_index_zotdec_ex

Skill      XL: |  1  2  3  4  5  6  7  8  9 10 11 12 13 14 15 16 17 18 19 20 21 22 23 24 25 26 |
---------------+-------------------------------------------------------------------------------+-----
Spellcasting   | 3 4 5 6 7 8 10 12 14 15 16 17 19 20 22 23 24 25 | 25.3
Earth Magic    | 3 4 5 6 7 8 12 13 | 13.4
Fighting       | 1 2 3 4 5 8 10 11 13 14 15 17 18 19 20 | 20.5
Stealth        | 2 4 |  4.0
Conjurations   | 1 2 4 6 7 8 11 12 13 14 | 14.0
Necromancy     | 2 4 6 10 12 14 15 | 15.8
Armour         | 3 6 8 9 |  9.4
Shields        | 2 5 6 8 9 10 | 10.0
Poison Magic   | 2 4 5 |  5.0
Air Magic      | 2 3 |  3.0
Transmutations | 2 |  2.0
Fire Magic     | 2 3 |  3.0
Dodging        | 6 8 9 10 12 14 | 14.6
Polearms       | 1 5 6 7 11 14 | 14.0
Evocations     | 4 8 10 11 | 11.1
Summonings     | 6 7 10 11 | 11.0

Action                     |  1- 3 |  4- 6 |  7- 9 | 10-12 | 13-15 | 16-18 | 19-21 | 22-24 | 25-27 || total
---------------------------+-------+-------+-------+-------+-------+-------+-------+-------+-------++-------
  Melee: Dagger            |     9 |     5 |    31 |       |    13 |       |       |       |       ||    58
         Punch             |     1 |     1 |       |       |       |       |       |       |       ||     2
         Trident           |       |       |    70 |   474 |   641 |   141 |       |       |       ||  1326
         Staff             |       |       |       |       |    20 |    48 |   114 |    55 |    17 ||   254
         Demon trident     |       |       |       |       |       |    66 |   460 |   627 |   207 ||  1360
   Cast: Sandblast         |    70 |   103 |    53 |     2 |    10 |       |     1 |     1 |       ||   240
         Cigotuvi's Dreadf |       |     2 |     7 |     3 |     1 |       |       |       |       ||    13
         Passwall          |       |     1 |     2 |       |       |       |       |     1 |     7 ||    11
         Stone Arrow       |       |       |    72 |    97 |   247 |   107 |     3 |       |       ||   526
         Brom's Barrelling |       |       |     5 |    43 |    59 |     7 |    15 |       |       ||   129
         Mephitic Cloud    |       |       |       |    33 |   123 |     1 |     9 |     3 |       ||   169
         Ignite Poison     |       |       |       |    41 |   128 |    30 |       |     1 |       ||   200
         Swiftness         |       |       |       |       |     7 |     4 |     5 |     1 |       ||    17
         Blink             |       |       |       |       |     1 |     2 |       |     4 |       ||     7
         Magic Dart        |       |       |       |       |   107 |    68 |    13 |     1 |       ||   189
         Iskenderun's Batt |       |       |       |       |    22 |    11 |     5 |       |       ||    38
         Freezing Cloud    |       |       |       |       |    13 |   241 |    98 |    26 |    17 ||   395
         Bombard           |       |       |       |       |     4 |   280 |   211 |   107 |    69 ||   671
         Dispel Undead     |       |       |       |       |     2 |       |   216 |    45 |    28 ||   291
         Summon Forest     |       |       |       |       |       |       |    13 |    13 |       ||    26
         Spellforged Servi |       |       |       |       |       |       |    43 |   128 |    46 ||   217
         Death Channel     |       |       |       |       |       |       |       |    64 |    41 ||   105
         Apportation       |       |       |       |       |       |       |       |    72 |    29 ||   101
         Anguish           |       |       |       |       |       |       |       |    12 |     5 ||    17
         Borgnjor's Vile C |       |       |       |       |       |       |       |    25 |    66 ||    91
         Haunt             |       |       |       |       |       |       |       |     8 |     5 ||    13
 Invoke: Potion Petition   |       |       |       |     1 |     1 |       |     2 |     4 |     3 ||    11
         Call Merchant     |       |       |       |       |       |     2 |     1 |       |       ||     3
         Bribe Branch      |       |       |       |       |       |       |       |     1 |     4 ||     5
  Evoke: Wand              |       |       |     1 |    10 |    16 |    10 |     6 |     4 |    10 ||    57
         Box of beasts     |       |       |       |       |       |     1 |     1 |     2 |     2 ||     6
         Phial of floods   |       |       |       |       |       |     1 |     1 |     1 |       ||     3
         Lightning rod     |       |       |       |       |       |       |       |     1 |       ||     1
         Condenser vane    |       |       |       |       |       |       |       |     1 |       ||     1
         Phantom mirror    |       |       |       |       |       |       |       |       |     1 ||     1
    Use: Scroll            |       |     5 |     7 |     5 |     8 |     8 |    12 |    19 |     9 ||    73
   Stab: Sleeping          |       |     1 |     1 |     1 |     1 |       |     9 |     2 |       ||    15
         Confused          |       |       |       |     3 |    27 |     1 |     2 |     2 |       ||    35
         Distracted        |       |       |       |       |     4 |     2 |     7 |    20 |     7 ||    40
 Armour: Robe              |    17 |    34 |       |       |       |       |       |       |       ||    51
         Leather armour    |       |     3 |    77 |       |       |       |       |       |       ||    80
         Ring mail         |       |       |    43 |   493 |   666 |   659 |   643 |   594 |   376 ||  3474
  Dodge: Dodged            |    11 |    28 |    75 |   228 |   599 |   309 |   338 |   285 |   172 ||  2045
  Block: Buckler           |       |       |    10 |   133 |   296 |   201 |   252 |   214 |   126 ||  1232

Table legend: (Time is in decaauts)
 A = Elapsed time spent in this place.
 B = Non-inter-level travel time spent in this place.
 C = Inter-level travel time spent in this place.
 D = Time resting spent in this place.
 E = Time spent auto-exploring this place.
 F = Levels seen in this place.
 G = Mean time per level.
                   A        B        C        D        E       F      G
               +--------+--------+--------+--------+--------+-----+--------+
         Total |  85154 |  77358 |   7796 |  17721 |   8833 |  58 | 1468.2 |
       Dungeon |  19882 |  16547 |   3335 |   2146 |   4314 |  15 | 1325.5 |
        Temple |    109 |     54 |     55 |      0 |      0 |   1 |  109.0 |
          Lair |   7947 |   6854 |   1093 |    901 |   2659 |   5 | 1589.4 |
        Shoals |   5241 |   5051 |    190 |   1123 |      0 |   4 | 1310.2 |
     Snake Pit |   7954 |   7207 |    747 |   1657 |    617 |   4 | 1988.5 |
    Slime Pits |   2352 |   2298 |     54 |    633 |      0 |   5 |  470.4 |
  Orcish Mines |   2466 |   2363 |    103 |    292 |     60 |   2 | 1233.0 |
   Elven Halls |   5260 |   5066 |    194 |   1497 |    601 |   3 | 1753.3 |
        Vaults |  12004 |  11271 |    733 |   3551 |    362 |   5 | 2400.8 |
         Crypt |   5018 |   4602 |    416 |   1270 |     45 |   3 | 1672.7 |
          Tomb |   1546 |   1546 |      0 |    504 |      0 |   1 | 1546.0 |
        Depths |   5693 |   5235 |    458 |    955 |     72 |   4 | 1423.2 |
           Zot |   8914 |   8501 |    413 |   2989 |    103 |   5 | 1782.8 |
      Gauntlet |    761 |    761 |      0 |    200 |      0 |   1 |  761.0 |
               +--------+--------+--------+--------+--------+-----+--------+

Top non-repeatable levels by time:
Vaults:2: 3407 daAuts
Vaults:1: 3399 daAuts
   Zot:2: 2902 daAuts
 Snake:3: 2611 daAuts
 Crypt:3: 2444 daAuts
   Elf:3: 2435 daAuts
 Snake:1: 2374 daAuts
   Zot:1: 2190 daAuts
    D:13: 2165 daAuts
  Lair:3: 2154 daAuts
 Snake:4: 1924 daAuts
Vaults:3: 1916 daAuts
   Orc:2: 1821 daAuts
   Elf:1: 1779 daAuts
Depths:3: 1713 daAuts
